 Dungeon Crawl Stone Soup version 0.31-a0-705-ga145531891 (webtiles) character file.

Game seed: 17630179032016100024

347 runemasterragnar the Ruffian (level 6, -5/59 HPs)
             Began as a Troll Shapeshifter on Sept 9, 2023.
             Slain by a gnoll
             ... wielding a +0 halberd
             ... led by a gnoll bouda
              (11 damage)
             ... on level 4 of the Dungeon.
             The game lasted 00:02:38 (2307 turns).

runemasterragnar the Ruffian (Troll Shapeshifter)   Turns: 2307, Time: 00:02:39

Health: -5/59      AC:  6    Str: 25    XL:     6   Next: 32%
Magic:  4/4        EV:  5    Int:  6    God:
Gold:   239        SH:  0    Dex:  9    Spells: 5/5 levels left

rFire   . .          .
                       - Unarmed
rCold   . . .        (no shield)
rNeg    . . .        a - +0 animal skin
rPois   .            (helmet currently unavailable)
rElec   .            (cloak currently unavailable)
rCorr   .            (gloves unavailable)
SInv    .            (boots unavailable)
Will    .....        f - amulet of regeneration
Stlth   +            (no ring)
HPRegen 1.89/turn    (no ring)
MPRegen 0.09/turn

%: no passive effects
@: beast-form, held
A: beast (slay +2), large, unfitting armour, claws 3, regeneration 1, shaggy fur
1, tough skin 1, iridescent scales 1, low MP 1, sense surroundings 1
a: Begin Untransformation


You were on level 4 of the Dungeon.
You were a hulking beast.
You visited 1 branch of the dungeon, and saw 4 of its levels.

You collected 239 gold pieces.

Inventory:

Armour
 a - a +0 animal skin (worn)
 p - a scarf of resistance
Jewellery
 f - an amulet of regeneration (around neck)
Talismans
 c - a beast talisman (active)
 d - a flux talisman
Wands
 e - a wand of iceblast (7)
Scrolls
 g - 4 scrolls of identify {unknown}
 h - a scroll of noise {unknown}
 j - 2 scrolls of poison {unknown}
 n - a scroll of blinking {unknown}
 r - a scroll of enchant weapon {unknown}
Potions
 b - 2 potions of attraction {unknown}
 i - 2 potions of curing {unknown}
 k - a potion of magic {unknown}
 l - a potion of might {unknown}
 m - a potion of enlightenment {unknown}
 o - a potion of brilliance {unknown}
 q - a potion of experience {unknown}
 s - a potion of mutation


   Skills:
 + Level 2.6 Fighting
 + Level 3.0 Dodging
 + Level 4.4 Unarmed Combat
 + Level 4.2 Shapeshifting


You had 5 spell levels left.
You didn't know any spells.
Your spell library contained the following spells:

 Spells                   Type           Power      Damage    Failure   Level
 Ensorcelled Hibernation  Hex/Ice        0%         N/A       58%         2
 Passwall                 Tmut/Erth      0%         N/A       58%         2
 Ignite Poison            Fire/Tmut/Pois 0%         N/A       83%         3
 Swiftness                Air            0%         N/A       83%         3
 Sticky Flame             Conj/Fire      0%         2d3       99%         4
 Ignition                 Fire           0%         3d3       100%        8


Dungeon Overview and Level Annotations

Branches:
Dungeon (4/15)
 Temple: D:4-7

Altars:
Dithmenos
Gozag
Hepliaklqana
Ru
Vehumet

Shops:
D:3 [

Annotations:
D:4 1 runed translucent door, Jingleheimer's ghost, amateur OpSh


Innate Abilities, Weirdness & Mutations

You are a hulking beast.
Your limbs bulge with bestial killing power. (Slay +2)
You are too large for most types of armour.
You have claws for hands.
Your natural rate of healing is unusually fast.
You are covered in fur. (AC +1)
You have tough skin. (AC +1)
You are partially covered in iridescent scales. (AC +2)
Your magical capacity is low. (-10% MP)
You passively map a small area around you.


Message History

The gnoll hits you from afar with a +0 spear.
You barely miss the gnoll.
The gnoll is lightly wounded.
The gnoll closely misses you. The gnoll barely misses you. x2
The gnoll throws a throwing net.
The throwing net hits you.
You become entangled in the net!
Unknown command.
You are held in a net!
You struggle against the net.
The gnoll hits you with a +0 spear. The gnoll barely misses you.
The gnoll hits you from afar with a +0 spear.
The gnoll hits you from afar with a +0 halberd!
The orc hits you with a +0 hand axe.
A worm comes into view.
You struggle against the net.
The orc completely misses you.
The gnoll hits you from afar with a +0 spear.
The gnoll barely misses you. The gnoll closely misses you.
The gnoll hits you from afar with a +0 halberd!
The gnoll hits you with a +0 club!
* * * LOW HITPOINT WARNING * * *
You struggle against the net.
The gnoll barely misses you. The gnoll hits you but does no damage.
The gnoll hits you from afar with a +0 spear.
* * * LOW HITPOINT WARNING * * *
The gnoll barely misses you. x2
The gnoll bouda barks out a call to the hunt!
The gnolls pick up the pace!
The orc barely misses you.
It was a potion of mutation.
You feel extremely strange.
Iridescent scales grow over part of your body.
You feel less energetic.
You feel a strange attunement to the structure of the dungeons.
The gnoll hits you from afar with a +0 spear.
* * * LOW HITPOINT WARNING * * *
The gnoll hits you from afar with a +0 spear.
* * * LOW HITPOINT WARNING * * *
The gnoll hits you with a +0 club.
* * * LOW HITPOINT WARNING * * *
The gnoll hits you from afar with a +0 halberd!
You die...

,, #....
#.......# ,#....
#####.......#
#.... ,
............#
#....
............#
#.... *
............#
#..<.
,.w...gggg...##
#....
.....gggo....# ,,
###.# * *
###h####.# #...#
#........# #####
#...#.####.# .. *
##.###.## .#,#.
###.####.# .#.. *
###.####.# .#. *
#####.####.## ..
* <
######.####..# .#
*
#............##†#
.....


You could see a gnoll bouda, a worm, 6 gnolls and an orc.

Vanquished Creatures
  A black bear (D:4)
  A jelly (D:3)
  An iguana (D:4)
  An orc wizard (D:4)
  5 gnolls
  4 adders
  A worm (D:2)
  2 dart slugs
  7 orcs
  6 endoplasms
  10 goblins
  6 hobgoblins
  A jackal (D:2)
  3 kobolds
  2 quokkas
  6 ball pythons
  10 bats
  4 frilled lizards
  10 rats
81 creatures vanquished.

Notes
Turn   | Place    | Note
-------+----------+-------------------------------------------
     0 | D:1      | runemasterragnar the Troll Shapeshifter began the quest for
                  | the Orb.
     0 | D:1      | Reached XP level 1. HP: 18/18 MP: 0/0
    18 | D:1      | You fall into a shaft and drop 1 floor!
    29 | D:2      | Reached skill level 1 in Fighting
    29 | D:2      | Reached XP level 2. HP: 27/27 MP: 1/1
   241 | D:2      | Reached XP level 3. HP: 8/33 MP: 2/2
   362 | D:1      | Reached XP level 4. HP: 41/41 MP: 3/3
   866 | D:2      | Found an opulent altar of Gozag.
  1391 | D:3      | Found Teifeor's Antique Armour Emporium.
  1532 | D:3      | Found a radiant altar of Vehumet.
  1573 | D:3      | Reached XP level 5. HP: 49/49 MP: 4/4
  2004 | D:4      | Found a sacrificial altar of Ru.
  2023 | D:4      | Found a shadowy altar of Dithmenos.
  2046 | D:4      | Noticed a black bear
  2052 | D:4      | Killed a black bear
  2053 | D:4      | Reached XP level 6. HP: 50/59 MP: 5/5
  2089 | D:4      | Found a hazy altar of Hepliaklqana.
  2219 | D:4      | Found a runed translucent door.
  2219 | D:4      | Noticed Jingleheimer's ghost (amateur OpSh)
  2252 | D:4      | Found an opulent altar of Gozag.
  2307 | D:4      | Gained mutation: You are partially covered in iridescent
                  | scales. (AC +2) [potion of mutation]
  2307 | D:4      | Gained mutation: Your magical capacity is low. (-10% MP)
                  | [potion of mutation]
  2307 | D:4      | Gained mutation: You passively map a small area around you.
                  | [potion of mutation]
  2307 | D:4      | Slain by a gnoll

Illustrated notes

Levels and vault maps discovered:
D:1:      minmay_arrival_arboretum_small, layout_basic, minmay_octomino_c4
D:2:      minmay_angry_zag, layout_rooms, basic_altar
D:3:      layout_loops_corners, mainiacjoe_overflow_surrounded_room,
          serial_shops, nicolae_shop_crystal, nrook_mini_backslash
D:4:      layout_rooms, nicolae_gozag_cash_rules_everything_around_me,
          overflow_temple_1_default, mainiacjoe_overflow_catwalk_spiral,
          hellmonk_ghost_happy_afterlife, reono_crystal_passage,
          columned_hall_lemuel, nicolae_nh_ransacked_shop

Skill      XL: |  1  2  3  4  5  6 |
---------------+-------------------+-----
Fighting       | 1 2 |  2.6
Dodging        | 2 3 |  3.0
Unarmed Combat | 4 |  4.4
Shapeshifting  | 4 |  4.2

Action                     |  1- 3 |  4- 6 || total
---------------------------+-------+-------++-------
  Melee: Unarmed           |    64 |   112 ||   176
         Punch             |     1 |     2 ||     3
    Use: Potion            |     1 |     1 ||     2
 Armour: Animal skin       |    26 |    80 ||   106
         Skin              |    10 |       ||    10
  Dodge: Dodged            |    24 |    63 ||    87

Table legend: (Time is in decaauts)
 A = Elapsed time spent in this place.
 B = Non-inter-level travel time spent in this place.
 C = Inter-level travel time spent in this place.
 D = Time resting spent in this place.
 E = Time spent auto-exploring this place.
 F = Levels seen in this place.
 G = Mean time per level.
                   A        B        C        D        E       F      G
               +--------+--------+--------+--------+--------+-----+--------+
         Total |   2292 |   2210 |     82 |     36 |   1744 |   4 |  573.0 |
       Dungeon |   2292 |   2210 |     82 |     36 |   1744 |   4 |  573.0 |
               +--------+--------+--------+--------+--------+-----+--------+

Top non-repeatable levels by time:
     D:3: 763 daAuts
     D:2: 669 daAuts
     D:1: 551 daAuts
     D:4: 308 daAuts
